 Dungeon Crawl Stone Soup version 0.16-a0-3260-g19c2095 (webtiles) character file.

3639 kroki the Cleaver (level 9, -2/69 HPs)
             Began as a Demonspawn Berserker on Dec 23, 2014.
             Was an Elder of Trog.
             Slain by a small abomination (13 damage)
             ... on level 9 of the Dungeon.
             The game lasted 00:17:07 (8351 turns).

kroki the Cleaver (Demonspawn Berserker)            Turns: 8351, Time: 00:17:07

Health: -2/69      AC:  9    Str: 17    XL:     9   Next: 87%
Magic:  9/9        EV:  6    Int:  8    God:    Trog [****..]
Gold:   134        SH:  0    Dex: 15    Spells: 0 memorised, 8 levels left

rFire  . . .     SeeInvis .     o - +1 war axe (curse)
rCold  . . .     Clarity  .     m - +1 plate armour (curse)
rNeg   + . .     SustAb   .     (no shield)
rPois  +         Gourm    .     (helmet restricted)
rElec  .         Spirit   .     x - +0 cloak
rCorr  .         Warding  .     (no gloves)
rMut   .         Stasis   .     (no boots)
MR     ++...                    (no amulet)
Stlth  ..........               v - ring of poison resistance
                                f - ring of positive energy (curse)

@: regenerating, very resistant to hostile enchantments, extremely unstealthy
A: claws 2, horns 1, deformed body, demonic guardian 2, screaming 1, weak 1,
forlorn
a: Burn Spellbooks, Berserk, Trog's Hand, Brothers in Arms, Renounce Religion


You were on level 9 of the Dungeon.
You worshipped Trog.
Trog was greatly pleased with you.
You were not hungry.

You visited 1 branch of the dungeon, and saw 9 of its levels.
You also visited: Sewer and Ossuary.

You collected 508 gold pieces.
You spent 374 gold pieces at shops.

Inventory:

Hand weapons
 o - a cursed +1 war axe (weapon)
   (You found it on level 2 of the Dungeon)
Missiles
 D - 2 throwing nets (quivered) {!f}
Armour
 m - a cursed +1 plate armour (worn)
   (You found it on level 3 of the Dungeon)
 x - a +0 cloak (worn)
   (You found it on level 7 of the Dungeon)
Jewellery
 f - a cursed ring of positive energy (left claw)
   (You found it on level 3 of the Dungeon)
 u - a cursed ring of loudness
   (You found it on level 5 of the Dungeon)
 v - a ring of poison resistance (right claw)
   (You found it in an ossuary)
 E - an uncursed ring of see invisible
   (You found it on level 7 of the Dungeon)
 F - an uncursed ring of flight
   (You found it on level 7 of the Dungeon)
Magical devices
 n - a wand of frost (18)
   (You found it on level 4 of the Dungeon)
 s - a wand of slowing (42)
   (You found it on level 5 of the Dungeon)
 y - a wand of random effects (34)
   (You found it on level 6 of the Dungeon)
 L - a wand of fire (7)
   (You found it on level 8 of the Dungeon)
Scrolls
 c - 2 scrolls of magic mapping
 k - 3 scrolls of teleportation
 l - 4 scrolls of remove curse
 t - a scroll of fear
 A - a scroll of immolation
 G - a scroll of recharging
 J - 4 scrolls of identify
Potions
 a - a potion of lignification
 b - 2 potions of agility
 d - 5 potions of heal wounds
 e - a potion of brilliance
 g - 4 potions of restore abilities {unknown}
 h - 7 potions of curing
 i - a potion of cure mutation {unknown}
 j - 3 potions of poison {unknown}
 p - 2 potions of magic {unknown}
 q - 3 potions of might
 r - 5 potions of haste {unknown}
 w - a potion of invisibility {unknown}
 C - a potion of berserk rage {unknown}
 M - a potion of cancellation {unknown}
 N - a potion of resistance
Books
 K - a book of Transfigurations
   (You found it on level 8 of the Dungeon)
Miscellaneous
 P - a box of beasts
   (You found it on level 9 of the Dungeon)
Comestibles
 z - 2 beef jerkies
 B - 2 meat rations
 H - 7 slices of pizza
 I - 4 bread rations


   Skills:
 + Level 6.2 Fighting
 + Level 11.1 Axes
 + Level 5.2 Armour
 - Level 1.7 Dodging


You had 8 spell levels left.
You didn't know any spells.


Innate Abilities, Weirdness & Mutations

You have very sharp fingernails.
A demonic guardian rushes to your aid.
You have a pair of small horns on your head.
Armour fits poorly on your strangely shaped body.
You occasionally shout uncontrollably at your foes.
You are weak. (Str -2)
You have difficulty communicating with the divine.

Dungeon Overview and Level Annotations

Branches:
Dungeon (9/15)             Temple (0/1) D:5
   Lair: D:8-11         Orc: D:9-12

Altars:
Fedhas
Gozag
Kikubaaqudgha
Makhleb
Nemelex Xobeh
The Shining One

Shops:
D:4 *%   D:5 =   D:8 ! D:9

[ #.......# ####....#####.......
#.......#####..'....#...........
#.......'.....##....'.###..)....
+.......########....### #.......
#.).)...# ###'## #.......
#.....### ###### #.# #.......
##'#### #....# #.# #######.
#.### #....###.# #. #...#
#....@.#.# #. ###'### #...x#...#
#. #....#.X #..O)##.### ###+
#....#XX.#.x3.#....# #...
#....#..xXx...#....# #...
#....#$.X#....#....# #...
#....##########....#####...+...
#........# #...........# #...
##'####### #.....####### ###'


You could see 2 large abominations, 4 small abominations, a friendly soul eater
and a friendly ogre (berserk).


Message History

Your ogre hits the large abomination with a giant spiked club!
The large abomination is destroyed!
Trog accepts your kill.
The small abomination hits your soul eater.
Your soul eater closely misses the small abomination.
Use which ability? (? or * to list)
Your skin crawls.
You feel resistant to hostile enchantments.
You feel slightly more hungry.
Your ogre hits the small abomination with a giant spiked club!!
The small abomination hits your soul eater!
Your soul eater hits the small abomination!!
The small abomination is destroyed!
Trog accepts your kill.
There is an open door here.
You slash the small abomination!
The small abomination is heavily damaged.
The small abomination hits you but does no damage.
Your ogre hits the small abomination with a giant spiked club!
The small abomination hits you!
* * * LOW HITPOINT WARNING * * *
The small abomination hits your ogre!
You take 14 damage.
You hit the small abomination. You headbutt the small abomination.
You destroy the small abomination!
Trog accepts your kill.
You hit the small abomination but do no damage.
The small abomination is heavily damaged.
The small abomination hits you!
You die...

Notes
Turn   | Place    | Note
--------------------------------------------------------------
     0 | D:1      | kroki, the Demonspawn Berserker, began the quest for the Orb.
     0 | D:1      | Reached XP level 1. HP: 18/18 MP: 1/1
   226 | D:1      | Reached skill level 3 in Axes
   378 | D:1      | Gained mutation: You have sharp fingernails. [demonic ancestry]
   378 | D:1      | Reached XP level 2. HP: 24/24 MP: 2/2
   758 | D:2      | Gained mutation: You have a pair of small horns on your head. [potion of mutation]
   758 | D:2      | Gained mutation: You are weak. (Str -2) [potion of mutation]
   758 | D:2      | Gained mutation: You occasionally shout uncontrollably at your foes. [potion of mutation]
   768 | D:2      | Acquired Trog's second power
   962 | D:2      | Found a blossoming altar of Fedhas.
   968 | D:2      | Found a sparkling altar of Nemelex Xobeh.
  1034 | D:2      | Reached XP level 3. HP: 29/29 MP: 3/3
  1499 | D:3      | Reached skill level 4 in Axes
  1694 | D:3      | Gained mutation: You have very sharp fingernails. [demonic ancestry]
  1694 | D:3      | Reached XP level 4. HP: 35/35 MP: 4/4
  2214 | D:3      | Found an opulent altar of Gozag.
  2335 | D:4      | Reached skill level 5 in Axes
  2362 | D:4      | Reached XP level 5. HP: 41/41 MP: 5/5
  2547 | D:4      | Reached skill level 6 in Axes
  2564 | D:4      | Reached XP level 6. HP: 44/47 MP: 6/6
  2589 | D:4      | Found Praptota's Food Shop.
  2694 | D:4      | Found a glowing drain.
  2701 | Sewer    | Entered a sewer
  3198 | Sewer    | Acquired Trog's third power
  3439 | D:4      | Noticed a giant frog
  3447 | D:4      | Killed a giant frog
  3666 | D:4      | Found Pufonur's General Store.
  3678 | D:4      | Reached skill level 7 in Axes
  3684 | D:4      | Bought a scroll of magic mapping for 42 gold pieces
  3684 | D:4      | Bought a potion of heal wounds for 60 gold pieces
  3802 | D:5      | Entered Level 5 of the Dungeon
  3872 | D:5      | Found an ancient bone altar of Kikubaaqudgha.
  3888 | D:5      | Gained mutation: A weak demonic guardian rushes to your aid. [demonic ancestry]
  3888 | D:5      | Reached XP level 7. HP: 52/52 MP: 7/7
  3904 | D:5      | Reached skill level 8 in Axes
  4089 | D:5      | Found Casidepi's Jewellery Emporium.
  4134 | D:5      | Found a staircase to the Ecumenical Temple.
  4261 | D:5      | Found a glowing golden altar of the Shining One.
  4608 | D:6      | Reached skill level 9 in Axes
  4608 | D:6      | Gained mutation: A demonic guardian rushes to your aid. [demonic ancestry]
  4608 | D:6      | Reached XP level 8. HP: 44/58 MP: 8/8
  4621 | D:6      | Found a sand-covered staircase.
  4626 | Ossuary  | Entered an ossuary
  4828 | Ossuary  | Gained mutation: You have difficulty communicating with the divine. [potion of mutation]
  4828 | Ossuary  | Gained mutation: Armour fits poorly on your strangely shaped body. [potion of mutation]
  5613 | D:6      | Reached skill level 10 in Axes
  6530 | D:7      | Found a burning altar of Makhleb.
  6537 | D:7      | Reached skill level 3 in Armour
  6615 | D:7      | Reached XP level 9. HP: 62/65 MP: 9/9
  7437 | D:8      | Found Nets' Distillery.
  7442 | D:8      | Bought a potion of might for 64 gold pieces
  7442 | D:8      | Bought a potion of curing for 48 gold pieces
  7442 | D:8      | Bought a potion of resistance for 160 gold pieces
  7590 | D:8      | Reached skill level 5 in Fighting
  8066 | D:9      | Found Pneoghal's Armour Emporium.
  8316 | D:9      | Noticed a wizard
  8322 | D:9      | Killed a wizard
  8322 | D:9      | Reached skill level 6 in Fighting
  8322 | D:9      | Reached skill level 11 in Axes
  8322 | D:9      | Reached skill level 5 in Armour
  8343 | D:9      | Noticed a large abomination
  8351 | D:9      | Slain by a small abomination

Vanquished Creatures
  A wyvern (D:9)
  A hippogriff (D:8)
  An orc warrior (D:9)
  A necrophage (D:7)
  An ogre (D:8)
  A phantom (D:6)
  4 centaurs
  A small abomination (D:9)
  5 giant frogs
  A scorpion (D:4)
  3 killer bees (D:9)
  A centaur zombie (D:5)
  2 crimson imps
  3 jellies
  3 hounds
  A human zombie (Ossuary)
  3 orc priests
  A quasit (D:8)
  A centaur skeleton (D:7)
  3 iguanas
  A sheep (D:7)
  3 orc wizards
  A killer bee zombie (D:7)
  7 worker ants
  A hound zombie (Ossuary)
  2 hound skeletons
  4 mummies (Ossuary)
  A worker ant zombie (D:5)
  15 gnolls
  A river rat (D:4)
  2 shadow imps
  9 adders
  2 giant mites (D:4)
  3 worms
  An adder skeleton (D:7)
  3 adder zombies (Ossuary)
  4 giant geckos
  2 oozes (D:1)
  23 orcs
  9 bats
  A bat skeleton (D:6)
  5 goblins
  12 hobgoblins
  7 quokkas
  5 ball pythons
  5 giant cockroaches
  11 giant newts
  2 giant spores (D:7)
  2 gnoll zombies (D:5)
  2 goblin zombies (Ossuary)
  A hobgoblin zombie (Ossuary)
  11 jackals
  A jackal zombie (Ossuary)
  19 kobolds
  A kobold zombie (Ossuary)
  4 orc zombies
  19 rats
  7 ballistomycetes
  3 plants (Sewer)
250 creatures vanquished.

Vanquished Creatures (collateral kills)
  A wizard (D:9)
  A human (D:7)
  A large abomination (D:9)
  A yak (D:7)
  A small abomination (D:9)
  An orc warrior (D:8)
  A necrophage (D:6)
  A jelly (D:6)
  A hound (D:8)
  An orc wizard (D:8)
  2 sheep (D:7)
  A quokka (D:6)
13 creatures vanquished.

Vanquished Creatures (others)
  3 sun demons
  A sixfirhy (D:6)
  A smoke demon (D:9)
  A crimson imp (D:5)
  An iron imp (D:6)
  2 ufetubi
  A giant spore (D:6)
10 creatures vanquished.

Grand Total: 273 creatures vanquished

Action                   |  1- 3 |  4- 6 |  7- 9 || total
-------------------------+-------+-------+-------++-------
Melee: Hand axe          |   102 |    13 |       ||   115
       War axe           |       |   188 |   392 ||   580
Invok: Berserk           |     5 |     8 |    13 ||    26
       Trog's Hand       |       |       |     7 ||     7
       Brothers in Arms  |       |       |     1 ||     1
Evoke: Wand              |       |       |     3 ||     3
  Use: Scroll            |     8 |     7 |     4 ||    19
       Potion            |     1 |       |     3 ||     4
  Eat: Bread ration      |     1 |     2 |     1 ||     4
       Chunk             |     2 |     5 |    17 ||    24
       Meat ration       |       |     1 |       ||     1
       Royal jelly       |       |       |     2 ||     2
       Beef jerky        |       |       |     1 ||     1

Vault maps used:
D:1:      dpeg_arrival_simpleton_c
D:2:      nemelex_xobeh_ov_fountains_minmay, fedhas_altar_3
D:3:      grunt_gozag_statues, serial_bayou_pond_e
D:4:      serial_shops, nicolae_shop_competitors_out_of_business, shop,
          gup_sewer_entry_bubbles
D:5:      lemuel_doored_altar, minmay_temple_entry_nine_rooms, first_bread,
          serial_shops, shop, tso_metal_star
D:6:      enter_ossuary_2
D:7:      grunt_livestock, makhleb_blood_cavern_becter
D:8:      serial_shops, shop
D:9:      serial_shops, kennysheep_mini_moat, laboratory
Sewer:    sewer_co_scattered_pipes
Ossuary:  ossuary_minmay_tomb_2a
